 Dungeon Crawl Stone Soup version 0.17-a0-1210-g1e4f09d (webtiles) character file.

164 MonkeyBuisness the Skirmisher (level 5, -2/47 HPs)
             Began as a Minotaur Fighter on June 3, 2015.
             Was a Follower of Trog.
             Slain by MonkeyBuisness's ghost (11 damage)
             ... on level 3 of the Dungeon on June 4, 2015.
             The game lasted 00:10:36 (1976 turns).

MonkeyBuisness the Skirmisher (Minotaur Fighter)    Turns: 1976, Time: 00:10:36

Health: -2/47      AC:  7    Str: 26    XL:     5   Next: 21%
Magic:  4/4        EV:  8    Int:  5    God:    Trog [*.....]
Gold:   96         SH: 10    Dex: 10    Spells: 0 memorised, 4 levels left

rFire  . . .     SeeInvis .     a - +0 war axe
rCold  . . .     Clarity  .     b - +0 scale mail
rNeg   . . .     SustAt   .     c - +0 shield
rPois  .         Gourm    .     (helmet restricted)
rElec  .         Spirit   .     (no cloak)
rCorr  .         Warding  .     (no gloves)
rMut   .         Stasis   .     (no boots)
MR     .....                    (no amulet)
Stlth  ..........               (no ring)
                                (no ring)

@: mighty, lethally poisoned (-2 -> -15), not resistant to hostile enchantments,
extremely unstealthy
A: retaliatory headbutt, horns 2
a: Burn Spellbooks, Berserk, Renounce Religion


You were on level 3 of the Dungeon.
You worshipped Trog.
Trog was aware of your devotion.
You were not hungry.

You visited 1 branch of the dungeon, and saw 3 of its levels.

You collected 96 gold pieces.

Inventory:

Hand weapons
 a - a +0 war axe (weapon)
Armour
 b - a +0 scale mail (worn)
 c - a +0 shield (worn)
Scrolls
 j - 2 scrolls of remove curse {unknown}
 k - a scroll of fear {unknown}
Potions
 d - a potion of might
 f - a potion of lignification {unknown}
 g - a potion of curing {unknown}
 h - a potion of brilliance
 i - a potion of invisibility
 m - a potion of flight


   Skills:
 + Level 4.7 Fighting
 + Level 4.0 Axes
 + Level 4.6 Armour
 + Level 2.4 Dodging
 - Level 3.6 Shields


You had 4 spell levels left.
You didn't know any spells.

Dungeon Overview and Level Annotations

Branches:
Dungeon (3/15)

Altars:
Ashenzari
Gozag
Sif Muna
Trog

Annotations:
D:3 MonkeyBuisness's ghost, weakling MiFi


Innate Abilities, Weirdness & Mutations

You reflexively headbutt those who attack you in melee.
You have a pair of horns on your head.


Message History

The orc wizard hits you with a dagger. You block the orc's attack.
You hit the orc wizard. Your headbutt misses the orc wizard. You hit the orc.
The orc wizard hits you but does no damage.
The orc hits you but does no damage. x2
You hit the orc wizard. You headbutt the orc wizard!
You kill the orc wizard!
Trog accepts your kill.
Trog appreciates your killing of a magic user.
Your Axes skill increases to level 4!
You have reached level 5!
You hit the orc.
Your shield and scale mail prevent you from hitting the orc.
The orc hits you with a whip. The orc hits you but does no damage.
The orc hits you with a whip. The orc hits you but does no damage.
MP restored: 4 You slash the orc!
You kill the orc!
Trog accepts your kill.
You hit the orc.
You kill the orc!
Trog accepts your kill.
You slash the orc!
You kill the orc!
Trog accepts your kill.
Really walk into that teleport trap?
You enter a teleport trap!
The teleport trap disappears.
Your surroundings suddenly seem different.
An adder and a kobold come into view.
The kobold shouts!
The kobold unwields an uncursed short sword.
The kobold wields a blowgun.
The kobold shoots a poisoned needle.
The poisoned needle barely misses you.
Found a poisoned needle.
Found a deep blue altar of Sif Muna.
You see here a poisoned needle.
The kobold shoots a poisoned needle.
You block the poisoned needle.
There is an open door here.
You see here a poisoned needle.
You see here a poisoned needle.
The adder bites you but does no damage.
The kobold shoots a poisoned needle.
You block the poisoned needle. The adder bites you.
You are poisoned.
The adder poisons you!
You see here a poisoned needle.
You take 2 damage, and have 38/47 hp.
You feel sick.
The kobold shoots a poisoned needle.
The poisoned needle hits you!
You are more poisoned.
You see here a poisoned needle.
You take 1 damage, and have 37/47 hp.
MonkeyBuisness's ghost (weakling Minotaur Fighter) comes into view.
You feel sick. The adder bites you but does no damage.
The kobold unwields an uncursed blowgun.
The kobold wields an uncursed short sword.
The kobold closely misses you. You furiously retaliate!
You headbutt the kobold!
You kill the kobold!
Trog accepts your kill.
There are monsters nearby!
You hit the adder.
You feel sick. You block the adder's attack. You block the adder's attack.
You take 2 damage, and have 35/47 hp.
You closely miss the adder. You headbutt the adder.
You feel sick. The adder bites you.
You are more poisoned.
The adder poisons you! You block the adder's attack.
You take 4 damage, and have 31/47 hp.
You hit MonkeyBuisness's ghost but do no damage.
You headbutt MonkeyBuisness's ghost, but do no damage.
Your shield and scale mail prevent you from hitting the adder.
You feel sick. The adder bites you but does no damage.
MonkeyBuisness's ghost hits you. You block the adder's attack.
You take 2 damage, and have 29/47 hp.
You feel sick.
MonkeyBuisness's ghost hits you but does no damage.
The adder bites you but does no damage.
You see here a poisoned needle.
You take 2 damage, and have 27/47 hp.
You feel sick.
MonkeyBuisness's ghost screams, "What do you have that I didn't have?"
The adder bites you.
You are more poisoned.
The adder poisons you!
You take 2 damage, and have 25/47 hp.
You feel sick. You block the adder's attack. MonkeyBuisness's ghost hits you!
* * * LOW HITPOINT WARNING * * *
The adder completely misses you. You furiously retaliate!
You headbutt the adder, but do no damage.
You see here a poisoned needle.
You take 13 damage, and have 12/47 hp.
MASSIVE DAMAGE!!
* * * LOW HITPOINT WARNING * * *
You feel sick. You block the adder's attack.
There is an open door here.
You see here a poisoned needle.
You take 2 damage, and have 10/47 hp.
You feel very mighty all of a sudden.
* * * LOW HITPOINT WARNING * * *
You feel sick. MonkeyBuisness's ghost hits you!
You die...

#+# #.# # #.#
#. ._# #? #.#
# #.. #.# ..#
#..###@###...'
#....SW......#
##.).(.......#
#...........#
#...........#
#.###########
#. #. #


You could see MonkeyBuisness's ghost and an adder.

Vanquished Creatures
  Crazy Yiuf (D:2)
  2 orc wizards (D:3)
  An ooze (D:1)
  A giant gecko (D:1)
  7 orcs (D:3)
  A ball python (D:3)
  6 giant cockroaches
  2 hobgoblins
  5 jackals (D:3)
  A quokka (D:2)
  3 bats
  4 giant newts
  10 goblins
  13 kobolds
  14 rats
71 creatures vanquished.

Notes
Turn   | Place    | Note
--------------------------------------------------------------
     0 | D:1      | MonkeyBuisness the Minotaur Fighter began the quest for the Orb.
     0 | D:1      | Reached XP level 1. HP: 19/19 MP: 0/0
   186 | D:1      | Reached XP level 2. HP: 27/27 MP: 1/1
   410 | D:1      | Reached skill level 4 in Armour
   413 | D:1      | Reached skill level 1 in Dodging
   441 | D:1      | Reached skill level 3 in Axes
   453 | D:1      | Reached XP level 3. HP: 29/33 MP: 2/2
   499 | D:1      | You fall through a shaft!
   499 | D:2      | Found an opulent altar of Gozag.
   511 | D:2      | Reached skill level 4 in Fighting
   531 | D:2      | Found a bloodstained altar of Trog.
   531 | D:2      | Found a shattered altar of Ashenzari.
   634 | D:2      | Became a worshipper of Trog the Wrathful
  1015 | D:2      | Noticed Crazy Yiuf
  1026 | D:2      | Killed Crazy Yiuf
  1026 | D:2      | Reached XP level 4. HP: 18/40 MP: 3/3
  1625 | D:3      | Acquired Trog's first power
  1626 | D:3      | Upgraded the game from 0.17-a0-1202-g2dd280d to 0.17-a0-1210-g1e4f09d
  1630 | D:3      | Reached skill level 2 in Dodging
  1961 | D:3      | Reached skill level 4 in Axes
  1961 | D:3      | Reached XP level 5. HP: 43/47 MP: 4/4
  1963 | D:3      | Found a deep blue altar of Sif Muna.
  1968 | D:3      | Noticed MonkeyBuisness's ghost (weakling MiFi)
  1975 | D:3      | HP: 10/47 [poisoned by an adder]
  1976 | D:3      | Slain by MonkeyBuisness's ghost

Vault maps used:
D:1:      dpeg_arrival_signposts, serial_corexii_hall, corexii_hall_statues_u,
          corexii_hall_statues_u, serial_bayou_pond_c
D:2:      amethyst_overflow_temple_binary, grunt_gozag_statues, st_stairs_3,
          kennysheep_generic_room_9, uniq_crazy_yiuf_cottage
D:3:      lemuel_upstairs_altar, lemuel_doored_altar, nemelex_altar_shiori,
          kennysheep_vampire_church, lemuel_coloured_pillars_altar,
          overflow_temple_1_default, corexii_corridor_pit, cheibrodos_gnoll_hut

Action                   |  1- 3 |  4- 6 || total
-------------------------+-------+-------++-------
Melee: War axe           |    85 |    51 ||   136
  Use: Scroll            |       |     3 ||     3
       Potion            |       |     1 ||     1
  Eat: Bread ration      |       |     1 ||     1
       Beef jerky        |       |     1 ||     1

Vault maps used:
D:1:      dpeg_arrival_signposts, serial_corexii_hall, corexii_hall_statues_u,
          corexii_hall_statues_u, serial_bayou_pond_c
D:2:      amethyst_overflow_temple_binary, grunt_gozag_statues, st_stairs_3,
          kennysheep_generic_room_9, uniq_crazy_yiuf_cottage
D:3:      lemuel_upstairs_altar, lemuel_doored_altar, nemelex_altar_shiori,
          kennysheep_vampire_church, lemuel_coloured_pillars_altar,
          overflow_temple_1_default, corexii_corridor_pit, cheibrodos_gnoll_hut

Table legend:
 A = Turns spent in this place as a percentage of turns spent in the entire game.
 B = Non-inter-level travel turns spent in this place as a percentage of non-inter-level travel turns spent in the entire game.
 C = Inter-level travel turns spent in this place as a percentage of turns spent in this place.
 D = Turns resting spent in this place as a percentage of non-inter-level travel turns spent in this place.
 E = Turns spent auto-exploring this place as a percentage of non-inter-level travel turns spent in this place.
 F = Non-inter-level travel turns spent in this place divided by the number of levels of this place that you've seen.
                   A       B       C       D       E      F
               +-------+-------+-------+-------+-------+----------------------
         Total | 100.0 | 100.0 |   1.0 |   0.9 |  10.3 | 226.7
       Dungeon | 100.0 | 100.0 |   1.0 |   0.9 |  10.3 | 226.7
               +-------+-------+-------+-------+-------+----------------------

Table legend:
 A = Kills in this place as a percentage of kills in entire the game.
 B = Kills by you in this place as a percentage of kills by you in the entire game.
 C = Kills by friends in this place as a percentage of kills by friends in the entire game.
 D = Other kills in this place as a percentage of other kills in the entire game.
 E = Experience gained in this place as a percentage of experience gained in the entire game.
 F = Experience gained in this place divided by the number of levels of this place that you have seen.
                   A       B       C       D       E      F
               +-------+-------+-------+-------+-------+----------------------
         Total | 100.0 | 100.0 |  -nan |  -nan | 100.0 |  78.3
       Dungeon | 100.0 | 100.0 |  -nan |  -nan | 100.0 |  78.3
               +-------+-------+-------+-------+-------+----------------------
